 Dungeon Crawl Stone Soup version 0.31-a0-187-gba352fbbf7 (webtiles) character file.

Game seed: 17760564276678772391

128 qw the Skirmisher (level 4, 0/25 HPs)
             Began as a Deep Elf Hunter on June 22, 2023.
             Succumbed to a kobold brigand's poison
             ... in a sewer.
             The game lasted 00:00:46 (2161 turns).

qw the Skirmisher (Deep Elf Hunter)                 Turns: 2161, Time: 00:00:47

Health: 0/25       AC:  5    Str: 10    XL:     4   Next: 87%
Magic:  6/6        EV: 11    Int: 14    God:
Gold:   109        SH:  0    Dex: 18    Spells: 3/3 levels left

rFire   . . .        Y - +0 shortbow
rCold   . . .        (shield currently unavailable)
rNeg    . . .        g - +0 ring mail
rPois   .            (no helmet)
rElec   .            (no cloak)
rCorr   .            (no gloves)
SInv    .            (no boots)
Will    .....        (no amulet)
Stlth   +            (no ring)
HPRegen 0.24/turn    (no ring)
MPRegen 0.10/turn

%: no passive effects
@: lethally poisoned (0 -> -39)
A: no striking features
a: no special abilities


You were in a sewer.
You visited 1 branch of the dungeon, and saw 3 of its levels.
You also visited: Sewer.

You collected 109 gold pieces.


   Skills:
 - Level 1.5 Fighting
 + Level 8.3 Ranged Weapons
 - Level 2.4 Dodging
 - Level 1.2 Stealth


You had 3 spell levels left.
You didn't know any spells.
Your spell library was empty.

Inventory:

Hand Weapons
 Y - a +0 shortbow (weapon)
Armour
 g - a +0 ring mail (worn)
Scrolls
 a - a scroll of identify
 f - a scroll of teleportation {unknown}
Potions
 b - a potion of curing
 c - a potion of might
 d - a potion of lignification {unknown}
 e - a potion of mutation {unknown}
 h - a potion of degeneration {unknown}
 j - a potion of ambrosia {unknown}

Dungeon Overview and Level Annotations

Branches:
Dungeon (3/15)              Sewer (1/1)

Altars:

Shops:
D:2 :


Message History

You shoot an arrow.
The arrow barely misses the kobold brigand.
You feel sick.
You shoot an arrow.
The arrow barely misses the kobold brigand.
You feel sick.
You shoot an arrow. The arrow hits the kobold brigand!
The kobold brigand is heavily wounded.
You feel sick.
The kobold brigand throws a poisoned dart.
The poisoned dart hits you!
You are more poisoned.
You shoot an arrow. The arrow hits the kobold brigand.
The kobold brigand is severely wounded.
You feel very sick.
The kobold brigand throws a poisoned dart.
The poisoned dart hits you!
You are more poisoned.
You shoot an arrow.
The arrow closely misses the kobold brigand.
The arrow barely misses the endoplasm.
You feel very sick.
The kobold brigand throws a poisoned dart.
The poisoned dart hits you!
You are lethally poisoned!
You shoot an arrow.
The arrow barely misses the kobold brigand.
The arrow hits the endoplasm.
The endoplasm is heavily wounded.
You feel very sick.
The kobold brigand throws a poisoned dart.
The poisoned dart hits you!
You are more poisoned.
The kobold brigand throws a poisoned dart.
The poisoned dart hits you!
You are more poisoned.
You shoot an arrow.
The arrow closely misses the kobold brigand.
The arrow barely misses the endoplasm.
You die...

~~##### ~~~~#######
#~~.....## ~~ ###
#~~.~~~~~# #...~
.~~~~###.~~...~~####~..~
#JK~@~####~~~~##~.~.~
.~~~~##### ##.~~.~...~~
### ##~~.~.~.~.
#~~...~~.\ #.~~~.....
#~~...~~.\ #######
##~.~...~.. #.~~~~#####
##~~~~~~...~
#####~~~~.####.~~~##~~..~


You could see a kobold brigand and an endoplasm.

Vanquished Creatures
  4 adders
  A river rat (Sewer)
  4 worms
  3 orcs (D:3)
  A bat (D:1)
  11 endoplasms
  5 giant cockroaches
  5 goblins
  4 hobgoblins
  7 kobolds
  5 quokkas
  6 ball pythons
  4 frilled lizards
  4 rats
64 creatures vanquished.

Notes
Turn   | Place    | Note
-------+----------+-------------------------------------------
     0 | D:1      | qw the Deep Elf Hunter began the quest for the Orb.
     0 | D:1      | Reached XP level 1. HP: 12/12 MP: 3/3
     0 | D:1      | 0 ||| qw: Version: 0.3-a-9-g12657ce
     0 | D:1      | 0 ||| qw: Game counter: 2265
     0 | D:1      | 0 ||| qw: Always use a shield: true
     0 | D:1      | 0 ||| qw: God list: Okawaru
     0 | D:1      | 0 ||| qw: Allow faded altars: false
     0 | D:1      | 0 ||| qw: Do Orc after D:15 true
     0 | D:1      | 0 ||| qw: Do second Lair branch before Depths: true
     0 | D:1      | 0 ||| qw: Lair rune preference: random
     0 | D:1      | 0 ||| qw: Plans: Normal
     0 | D:1      | 0 ||| PLANNING D:1-11
   136 | D:1      | Reached skill level 6 in Ranged Weapons
   136 | D:1      | Reached XP level 2. HP: 16/16 MP: 4/4
   362 | D:1      | HP: 4/16 [giant cockroach (2)]
   477 | D:1      | Found a faded altar of an unknown god.
   682 | D:1      | 682 ||| UPGRADING to +0 ring mail.
   692 | D:1      | 692 ||| DROPPING +0 leather armour.
   693 | D:1      | 693 ||| READING 2 scrolls labelled CONOET MURY.
   694 | D:1      | 694 ||| READING 2 scrolls labelled ATUUKAHUIRCH.
   695 | D:1      | 695 ||| READING scroll labelled ZAISUTHAOSS.
   726 | D:1      | 726 ||| DROPPING scroll of butterflies.
   727 | D:1      | 727 ||| DROPPING scroll of revelation.
   765 | D:2      | Reached XP level 3. HP: 20/20 MP: 5/5
   904 | D:2      | Found Fiampugeg's Vocational Training.
  1024 | D:2      | Reached skill level 7 in Ranged Weapons
  1367 | D:2      | 1367 ||| READING scroll labelled MUDIC DARRENT.
  1368 | D:2      | 1368 ||| READING scroll labelled IFRAYVVAESH.
  1369 | D:2      | 1369 ||| DRINKING 2 murky silvery potions.
  1370 | D:2      | 1370 ||| READING 2 scrolls of identify.
  1370 | D:2      | 1370 ||| IDENTIFYING purple potion
  1404 | D:3      | 1404 ||| PLANNING SEWER
  1437 | D:3      | Reached XP level 4. HP: 11/25 MP: 6/6
  1442 | D:3      | HP: 6/25 [poisoned by an adder]
  1783 | D:3      | Identified the +3 mace "Vesy" {venom, rPois rF+}
  1975 | D:3      | Reached skill level 8 in Ranged Weapons
  1989 | D:3      | Found a glowing drain.
  1996 | D:3      | 1996 ||| DRINKING 3 blue potions.
  1997 | D:3      | 1997 ||| DROPPING 2 potions of attraction.
  2003 | Sewer    | Entered a sewer
  2103 | Sewer    | 2103 ||| Stepping ~*~*~tactically~*~*~ (water).
  2149 | Sewer    | Noticed a kobold brigand
  2161 | Sewer    | Succumbed to a kobold brigand's poison

Levels and vault maps discovered:
D:1:      psy_arrival_fountain, layout_loops_ring,
          hellmonk_ecumenical_altar_pennies_from_heaven, minmay_tromino_v4_a
D:2:      layout_loops_ring, st_stairs_6, nicolae_shop_vocational
D:3:      layout_loops_ring, gup_sewer_entry_bubbles,
          nicolae_concentric_dashed_squares_mild,
          chequers_serial_rivers_micro_c, chequers_mini_garden
Sewer:    sewer_co_tree

Skill      XL: |  1  2  3  4 |
---------------+-------------+-----
Ranged Weapons | 6 7 8 |  8.3
Fighting       | |  1.5
Dodging        | |  2.4
Stealth        | |  1.2

Action                     |  1- 3 |  4- 6 || total
---------------------------+-------+-------++-------
   Fire: Shortbow          |    92 |    99 ||   191
    Use: Scroll            |     6 |       ||     6
         Potion            |     1 |     1 ||     2
 Armour: Leather armour    |     4 |       ||     4
         Ring mail         |     5 |     5 ||    10
  Dodge: Dodged            |    20 |     6 ||    26

Table legend:
 A = Non-vault XP
 B = Vault XP
 C = Vault XP percentage of total XP
 D = Non-vault monster count
 E = Vault monster count
 F = Vault count percentage of total count
                 A         B        C        D         E       F
            +---------+---------+-------+---------+---------+-------
      Total |     106 |      78 |  42.4 |      45 |      19 |  29.7
            +---------+---------+-------+---------+---------+-------
        D:1 |      34 |       6 |  15.0 |      21 |       4 |  16.0
        D:2 |      31 |      14 |  31.1 |       9 |       1 |  10.0
        D:3 |      41 |      32 |  43.8 |      15 |       7 |  31.8
      Sewer |       0 |      26 | 100.0 |       0 |       7 | 100.0
            +---------+---------+-------+---------+---------+-------
